[Event "*** Titled Tuesday Blitz"]
[Site "Chess.com"]
[Date "2020.04.21"]
[Round "3"]
[White "LiamPutnam2008"]
[Black "Mischuk_D"]
[Result "0-1"]
[WhiteElo "2480"]
[BlackElo "2677"]
[TimeControl "180+1"]
[EndTime "10:29:03 PDT"]
[Termination "Mischuk_D won by resignation"]

1. e4 c5 2. Nf3 d6 3. d4 cxd4 4. Nxd4 Nf6 5. Nc3 a6 6. Be2 e5 7. Nf3 Be7 8. O-O O-O 9. Bg5 Be6 10. Bxf6 Bxf6 11. Nd5 Nd7 12. c3 Rc8 13. Qd2 Nc5 14.
Qe3 Bxd5 15. exd5 Re8 16. Rfd1 g6 17. b4 Na4 18. c4 e4 19. Nd4 Qb6 20. Rab1 a5 21.
a3 axb4 22. axb4 Qd8 23. Qb3 Nb6 24. Nc2 h5 25. Ne3 Bg5 26. Rdc1 Nd7 27. Ra1 Ne5 28. h3 Qb6 29. Rab1 Nd7 30. g3 h4 31. Bg4 Re7 32. c5 dxc5 33. bxc5 Qxb3 34. Rxb3 Rxc5 35. Rd1 f5 36.
Be2 hxg3 37. fxg3 Ne5 38. d6 Rd7 39. Ng2 Kg7 40. h4 Bh6 41. Nf4 Bxf4 42. gxf4 Nf7 43.
Rb6 Rc6 44. Rb5 Rcxd6 45. Rxd6 Nxd6 46. Rb6 Ne8 47. Rb2 Nf6 48. Kf2 Nd5 49. Rb3 Nxf4 50.
Bc4 Kh6 51. Ke3 Nd5+ 52. Bxd5 Rxd5 53. Rxb7 Rd3+ 54. Kf4 Rh3 55. Ke5 Rxh4 56. Rb8 Kg5 57. Rb1 e3 58. Re1 Re4+ 59. Kd5 e2 60. Kd6 Kf4 61. Kc5 g5 0-1

[Event "*** Titled Tuesday Blitz"]
[Site "Chess.com"]
[Date "2020.04.21"]
[Round "3"]
[White "crazy_machine"]
[Black "Bacyanide"]
[Result "0-1"]
[WhiteElo "2593"]
[BlackElo "2409"]
[TimeControl "180+1"]
[EndTime "10:29:03 PDT"]
[Termination "Bacyanide won by checkmate"]

1. d4 d5 2. Nc3 Nf6 3. Bf4 e6 4.
Nb5 Na6 5. e3 c6 6. Nc3 Nb8 7.
Nf3 Bd6 8. Ne5 Qc7 9. Bg3 Nfd7 10. f4 a6 11. Bd3 O-O 12. O-O f5 13. h3 c5 14. Kh1 Nc6 15. Be2 b5 16. Bf3 Nf6 17.
Bh4 b4 18. Na4 a5 19. Bxf6 gxf6 20. Nxc6 Qxc6 21. Nxc5 Bxc5 22. dxc5 Qxc5 23. Qd3 Ba6 24. Qd2 Bxf1 25. Rxf1 Rfc8 26. Bd1 a4 27. Qe1 a3 28. b3 Qc3 29. Qh4 Ra7 30. g4 fxg4 31. Bxg4 f5 32. Bh5 Rg7 33. Qf2 Qb2 34. Bd1 Qxa2 35. e4 Qb2 36. Qb6 Re8 37. Bh5 a2 38. Bxe8 a1=Q 39. Qxe6+ Kf8 40. Bb5 Qa8 41. Qxf5+ Kg8 42. exd5 Kh8 43.
Bc6 Qd8 44. Rd1 Qbf6 45. Qe4 Qg6 46. Qf3 Qh4 47. d6 Qgg3 48. Qxg3 Qxg3 49. d7 Qxh3# 0-1

[Event "*** Titled Tuesday Blitz"]
[Site "Chess.com"]
[Date "2020.04.21"]
[Round "3"]
[White "manuellarrea"]
[Black "Omk124"]
[Result "0-1"]
[WhiteElo "2139"]
[BlackElo "2359"]
[TimeControl "180+1"]
[EndTime "10:29:03 PDT"]
[Termination "Omk124 won on time"]

1. e4 c5 2. Nf3 d6 3. d4 cxd4 4. Nxd4 Nf6 5. Nc3 a6 6. Bg5 Nbd7 7. f4 Qc7 8. Qe2 e6 9. O-O-O b5 10. a3 Bb7 11. g4 Be7 12. Bg2 O-O-O 13. Rhe1 h6 14. Bxf6 Nxf6 15. e5 dxe5 16. fxe5 Nd5 17. Nxd5 Bxd5 18. Bxd5 Rxd5 19. Nf3 Rhd8 20. Rxd5 Rxd5 21.
Rd1 Qc5 22. Rxd5 Qxd5 23. Qd3 Qa2 24. Qd4 Qa1+ 25. Kd2 Qf1 26. Qe4 Kb8 27. Qc6 Qf2+ 28. Kd3 Qc5 29. Qe8+ Kb7 30. Qxf7 Qd5+ 31. Nd4 Qc4+ 32.
Ke4 Qd5+ 33. Ke3 Qd7 34. Qxe6 Qxe6 35. Nxe6 g6 36. Ke4 Kc6 37. Nd4+ Kc5 38. b3 a5 39. Ne6+ Kb6 40. Nf4 Bxa3 41. Nxg6 a4 42. bxa4 bxa4 43. Kd3 Bb2 44. Kc4 Ka5 0-1

[Event "*** Titled Tuesday Blitz"]
[Site "Chess.com"]
[Date "2020.04.21"]
[Round "3"]
[White "GmSergioBarrientos"]
[Black "zmeeed67"]
[Result "0-1"]
[WhiteElo "2565"]
[BlackElo "2394"]
[TimeControl "180+1"]
[EndTime "10:29:04 PDT"]
[Termination "zmeeed67 won by resignation"]

1. d4 d5 2. c4 e6 3. Nf3 Nf6 4. g3 dxc4 5. Bg2 b5 6. a4 c6 7. O-O Bb7 8. b3 cxb3 9. Qxb3 b4 10. Rd1 a5 11. Ne5 Be7 12. Bg5 O-O 13. Nc3 Nd5 14.
Bxe7 Qxe7 15. Ne4 Nd7 16. Nxd7 Qxd7 17. Nc5 Qe7 18. e4 Nc3 19. Rd3 Ba6 20. Rxc3 bxc3 21. Qxc3 e5 22. dxe5 Rfb8 23. h3 Rb4 24.
Qe3 h6 25. f4 Bc4 26. Rd1 Rd8 27. Rc1 Be6 28. Kh2 Rb2 29. f5 Rdd2 30. Rg1 Bc4 31.
e6 Bf1 32. exf7+ Kxf7 33. Nb3 Rxg2+ 34. Rxg2 Bxg2 35. Nd4 Bxe4+ 36. Kg1 Bd5 37. Qc3 Rb1+ 38. Kf2 Qe4 39. Ne6 Qg2+ 40. Ke3 Qf3+ 41. Kd4 Qxc3+ 42. Kxc3 Bxe6 0-1

[Event "*** Titled Tuesday Blitz"]
[Site "Chess.com"]
[Date "2020.04.21"]
[Round "3"]
[White "Akhayan"]
[Black "yamalchess"]
[Result "0-1"]
[WhiteElo "2275"]
[BlackElo "2544"]
[TimeControl "180+1"]
[EndTime "10:29:04 PDT"]
[Termination "yamalchess won by resignation"]

1. d4 Nf6 2. Nf3 c5 3. c3 d5 4. Bf4 Nc6 5. e3 Qb6 6. Qb3 c4 7. Qc2 Bf5 8. Qc1 e6 9. h3 Be7 10. Be2 O-O 11. O-O h6 12. Nbd2 Rfe8 13. Ne5 Nxe5 14.
Bxe5 Nd7 15. Bg3 Bd6 16. Bxd6 Qxd6 17. Nf3 e5 18. dxe5 Nxe5 19. Nxe5 Qxe5 20. Bf3 Rad8 21. Qd2 Bd3 22. Rfd1 f5 23. Be2 Bxe2 24. Qxe2 f4 25. Rd4 fxe3 26. fxe3 Qxe3+ 27. Qxe3 Rxe3 28. Rad1 Re2 29.
R1d2 Rxd2 30. Rxd2 Kf7 31. Kf2 Ke6 32. Re2+ Kd6 33.
Re3 Rd7 34. Rf3 Re7 35. Rf8 b5 36. Rd8+ Rd7 37. Rb8 Kc6 38. Ke3 Re7+ 39. Kf3 Re1 40. Rg8 Re7 41. g4 a5 42. h4 b4 43. g5 hxg5 44.
hxg5 bxc3 45. bxc3 Rb7 46. g6 Kc5 47. Rc8+ Kb5 48.
Rf8 Rb6 49. Rf5 Kc5 50. Rg5 Rb2 51. Rf5 Rc2 52. Rf7 Rxc3+ 53. Kf4 Rc1 54. Rxg7 d4 55. Rc7+ Kb4 56. Ke4 d3 57. Ke3 Kc3 58. Ra7 Rg1 59.
g7 Kc2 60. Rc7 c3 0-1

[Event "*** Titled Tuesday Blitz"]
[Site "Chess.com"]
[Date "2020.04.21"]
[Round "3"]
[White "maximnovik"]
[Black "Qingdom"]
[Result "1/2-1/2"]
[WhiteElo "2437"]
[BlackElo "2208"]
[TimeControl "180+1"]
[EndTime "10:29:04 PDT"]
[Termination "Game drawn by repetition"]

1. d4 d5 2. c4 e6 3. Nc3 c5 4. cxd5 exd5 5. Nf3 Nc6 6. g3 Nf6 7. Bg2 Be7 8. O-O O-O 9. dxc5 Bxc5 10. b3 Re8 11.
Bb2 Bg4 12. Rc1 Bf8 13. h3 Bh5 14. e3 Qa5 15. a3 Rad8 16. b4 Qb6 17. Na4 Qb5 18.
Bxf6 gxf6 19. Nc3 Qc4 20. Ne2 Qa2 21. Ra1 Qb2 22. Nf4 Bg6 23. Qe2 Qxe2 24. Nxe2 Bd3 25. Rfe1 Bxe2 26. Rxe2 d4 27. Rae1 d3 28. Rd2 a5 29. b5 Ne5 30. Nxe5 fxe5 31. Bxb7 Bxa3 32. Red1 e4 33. f3 f5 34. g4 Bc5 35. Rg2 Bxe3+ 36.
Kf1 exf3 37. Bxf3 fxg4 38. Rxg4+ Kh8 39. b6 Rf8 40. Kg2 Bxb6 41. Be4 Rg8 42. Rxd3 Rxd3 43. Bxd3 Rxg4+ 44. hxg4 h6 45. Bb5 Kg7 46. Kh3 Kf6 47.
Kg3 Kg5 48. Kh3 Bc5 49. Bc6 Bb4 50. Bb5 Bc5 51. Bc6 Bb4 52. Bb5 Bc5 1/2-1/2

[Event "*** Titled Tuesday Blitz"]
[Site "Chess.com"]
[Date "2020.04.21"]
[Round "3"]
[White "hongnhung1234"]
[Black "ahappypawn"]
[Result "0-1"]
[WhiteElo "2135"]
[BlackElo "2359"]
[TimeControl "180+1"]
[EndTime "10:29:04 PDT"]
[Termination "ahappypawn won by resignation"]

1. e4 g6 2. d4 Bg7 3. Nc3 d6 4. f4 a6 5. Nf3 b5 6. Bd3 Nd7 7. O-O c5 8. Be3 Bb7 9. Qe1 Ngf6 10. e5 Ng4 11. exd6 Bxf3 12. Rxf3 cxd4 13. dxe7 Qc8 14. Ne4 Qc6 15. Bd2 f5 16. Ng5 Nc5 17. h3 Nf6 18.
Bb4 Nfe4 19. Bxc5 Nxc5 20. Rd1 Ra7 21. Qb4 Rxe7 22. Re1 h6 23. Rxe7+ Kxe7 24. Qe1+ Kf8 25. b4 Nxd3 26. Ne6+ Kf7 27. cxd3 Qxe6 28. Qc1 Rc8 29.
Qd1 Rc3 30. Qd2 Qc6 31. Rf2 Bf8 32. Re2 Bxb4 33. Qb2 Bd6 34. Kh2 Bxf4+ 35. g3 Bd6 36. Rf2 Rxd3 37. Qe2 Bxg3+ 38. Kg1 Bxf2+ 39. Kxf2 Re3 40. Qb2 Qe4 41. Qb3+ Rxb3 0-1

[Event "*** Titled Tuesday Blitz"]
[Site "Chess.com"]
[Date "2020.04.21"]
[Round "3"]
[White "emperor87"]
[Black "raviteja81293"]
[Result "1-0"]
[WhiteElo "2636"]
[BlackElo "2774"]
[TimeControl "180+1"]
[EndTime "10:29:05 PDT"]
[Termination "emperor87 won by resignation"]

1. Nf3 d5 2. g3 Nf6 3. Bg2 g6 4.
O-O Bg7 5. d4 O-O 6. c4 c6 7. Nc3 Ne4 8. a4 Bf5 9. a5 Nxc3 10. bxc3 Be4 11. Qb3 Qc8 12. Ba3 Re8 13. Nd2 Bxg2 14. Kxg2 e5 15. e3 Na6 16. cxd5 cxd5 17. Qxd5 Qxc3 18. Ne4 Qc6 19. Qxc6 bxc6 20. Nd6 Re6 21. dxe5 Bxe5 22. Rad1 Rd8 23. Nc4 Bc7 24.
Rxd8+ Bxd8 25. Rd1 Be7 26. Rd7 Bxa3 27. Rxa7 c5 28.
Nxa3 Nb4 29. Nc4 h5 30. h4 Kg7 31. Rc7 Na6 32. Ra7 Nb4 33. Nb6 Nc6 34. Rc7 Nxa5 35. Rxc5 Rxb6 36. Rxa5 Rb2 37. Ra6 Rb4 38. Kf3 Rb2 39. Rd6 Ra2 40. Rd4 Rb2 41. Rd5 Ra2 42.
e4 Rb2 43. Ke3 Ra2 44. Rd2 Ra3+ 45. Kf4 Rb3 46. f3 Ra3 47. Rd5 Rb3 48. g4 hxg4 49.
Kxg4 Rb1 50. h5 Rg1+ 51. Kf4 gxh5 52. Rxh5 Ra1 53. Rb5 Rf1 54. Kg4 Rf2 55. f4 Rf1 56. Rb6 Re1 57. e5 Re2 58. Kf5 Re1 59. Rb7 Re2 60.
Re7 Kf8 61. Kf6 Rh2 62. Rxf7+ Ke8 63. Ra7 Rh6+ 64. Kf5 Rb6 65. Kg5 Rb1 66. f5 Rb6 67. e6 Rc6 68. Kf6 1-0

[Event "*** Titled Tuesday Blitz"]
[Site "Chess.com"]
[Date "2020.04.21"]
[Round "3"]
[White "pouya21"]
[Black "Yurovskykh_Oleksandr"]
[Result "1-0"]
[WhiteElo "2805"]
[BlackElo "2620"]
[TimeControl "180+1"]
[EndTime "10:29:06 PDT"]
[Termination "pouya21 won by resignation"]

1. e4 d5 2. exd5 Qxd5 3. Nc3 Qd8 4. d4 Nf6 5. Bc4 a6 6. Bb3 Nc6 7. d5 Na5 8. Bg5 Nxb3 9. axb3 e6 10. Bxf6 Qxf6 11.
Nge2 Bb4 12. O-O Bxc3 13. Nxc3 O-O 14. Re1 Rd8 15. Qd2 b6 16. Qe3 h6 17. Rad1 Bb7 18. dxe6 Qxe6 19. Qxe6 fxe6 20. f3 Kf7 21. Kf2 Ke7 22. Ke3 e5 23. h3 Kf6 24. Rd2 Rxd2 25. Kxd2 Rd8+ 26. Ke3 Bc6 27. Rd1 Rxd1 28. Nxd1 a5 29. Nf2 Kf5 30. Nd3 Bb5 31. Nf2 Bc6 32. h4 g5 33. hxg5 hxg5 34. g4+ Ke6 35. Nd3 Bb5 36. Nf2 Bc6 37. c3 Bd5 38. b4 axb4 39.
cxb4 Bc6 40. Nh3 Kf6 41. Nf2 Ke6 42. Nd1 Bd5 43. Nc3 Bc6 44. b5 Bd5 45. Ne4 Bc4 46.
Nxg5+ Ke7 47. Ke4 Bxb5 48. Kxe5 Be2 49. Ke4 Kf6 50. Nh3 Bd1 51. Nf2 Bc2+ 52. Ke3 c5 53.
f4 Ke6 54. Ne4 Kd5 55. Nc3+ Kc4 56. Kd2 Bh7 57. f5 b5 58. Ne4 Kd4 59. Nf6 Bxf5 60.
gxf5 Ke5 61. Nd7+ Kd6 62. Nxc5 Kxc5 63. Kc3 1-0

[Event "*** Titled Tuesday Blitz"]
[Site "Chess.com"]
[Date "2020.04.21"]
[Round "3"]
[White "warmoatmeal"]
[Black "Ave_Mariia"]
[Result "1-0"]
[WhiteElo "1985"]
[BlackElo "2286"]
[TimeControl "180+1"]
[EndTime "10:29:06 PDT"]
[Termination "warmoatmeal won by resignation"]

1. d4 Nf6 2. Nf3 g6 3. c4 Bg7 4. Nc3 O-O 5. Bg5 d6 6. e3 c6 7. Be2 Nbd7 8. O-O Qc7 9. Qc2 e5 10. b4 h6 11. Bh4 Re8 12. a4 Nf8 13. Rfd1 Bf5 14. e4 exd4 15. Bxf6 Bxf6 16. Nxd4 Bd7 17. f3 Qb6 18. Qd2 Qxb4 19. Kh1 Qc5 20. Rab1 Ne6 21. Nxe6 Rxe6 22. Rxb7 Bc8 23. Rbb1 Ba6 24. Na2 Rd8 25. Nb4 Bxc4 26. Bxc4 Qxc4 27. Rbc1 Qb3 28. Nxc6 Rde8 29.
Nd4 Bxd4 30. Qxd4 Rb8 31. Qxa7 Qb2 32. h3 Rb3 33. a5 Kg7 34. a6 Ra3 35. Qb7 Qe2 36.
a7 Ra2 37. Rg1 Qf2 38. a8=Q Rxa8 39. Qxa8 Qg3 40. Qd5 Re5 41. Qxd6 g5 42. Rc7 g4 43. Qd7 gxh3 44. Qxf7+ 1-0

[Event "*** Titled Tuesday Blitz"]
[Site "Chess.com"]
[Date "2020.04.21"]
[Round "3"]
[White "AvitalBor"]
[Black "Caracternin123"]
[Result "0-1"]
[WhiteElo "2794"]
[BlackElo "2637"]
[TimeControl "180+1"]
[EndTime "10:29:07 PDT"]
[Termination "Caracternin123 won by resignation"]

1. e4 Nf6 2. e5 Nd5 3. d4 d6 4. Nf3 g6 5. c3 Bg7 6. exd6 cxd6 7. Bd3 O-O 8. O-O Nc6 9. Re1 e5 10. Na3 Nb6 11. Bg5 f6 12. Be3 f5 13. dxe5 dxe5 14. Qb3+ Kh8 15. Rad1 Qe7 16. Bg5 Bf6 17. Bxf6+ Rxf6 18. Bb5 Be6 19. Qc2 e4 20. Bxc6 bxc6 21. Nd4 Bd7 22.
Ne2 Qc5 23. b4 Qf8 24. Ng3 a5 25. Nc4 Nxc4 26. Rxd7 Ne5 27. Rb7 Nd3 28. Rd1 Rd6 29. bxa5 Rxa5 30. c4 Ra8 31. Qc3+ Kg8 32. Rdb1 Rad8 33.
h4 Nf4 34. Kh2 Nd3 35. c5 Re6 36. h5 f4 37. hxg6 fxg3+ 38. fxg3 Qh6+ 39. Kg1 Qe3+ 40. Kh2 Rxg6 41. Qc4+ Kh8 42. Qc3+ Qd4 43. Qxd4+ Rxd4 44. Rb8+ Kg7 45. R1b7+ Kh6 46. Rh8 Rg7 47. Rb6 Ne5 48.
Re8 Ng4+ 49. Kh3 Rg6 50. Re7 Rd1 51. Rb1 Rxb1 0-1

[Event "*** Titled Tuesday Blitz"]
[Site "Chess.com"]
[Date "2020.04.21"]
[Round "3"]
[White "FCChelsea14"]
[Black "Shoytan"]
[Result "1/2-1/2"]
[WhiteElo "2760"]
[BlackElo "2547"]
[TimeControl "180+1"]
[EndTime "10:29:07 PDT"]
[Termination "Game drawn by repetition"]

1. d4 Nf6 2. c4 g6 3. Nc3 Bg7 4. e4 d6 5. Nf3 O-O 6. Be2 Bg4 7. Be3 Nfd7 8. Rc1 c5 9. d5 Na6 10. O-O Nc7 11. h3 Bxf3 12. Bxf3 a6 13. Be2 b5 14. b3 b4 15. Na4 e6 16. f4 exd5 17. exd5 Re8 18. Bf2 f5 19. Bf3 Rb8 20. Re1 Qf6 21.
Qd3 Rxe1+ 22. Rxe1 Nb6 23. Nxb6 Rxb6 24. Qe2 Kf8 25.
Qd1 Rb8 26. g3 Re8 27. Kg2 Rxe1 28. Qxe1 a5 29. Qe2 Qe7 30. Qxe7+ Kxe7 31. Kf1 Na8 32. Ke2 Nb6 33. Kd3 a4 34. Bd1 a3 35. Bc2 Nd7 36.
Ke2 Nf6 37. Kf3 h5 38. Be1 Nd7 39. g4 hxg4+ 40. hxg4 Kf6 41. Bh4+ Kf7 42. gxf5 gxf5 43. Bxf5 Nf6 44. Be6+ Ke7 45. Bf5 Kf7 46. Bh3 Kg6 47.
Be6 Kh5 48. Bg5 Kg6 49. Bh4 Kh5 50. Bf2 Kg6 51. Be3 Bh6 52. Bh3 Kg7 53. Bf1 Kf7 54. Bd3 Kg7 55. Bf5 Kf7 56. Bg4 Kg7 57. Bf2 Kg6 58. Be6 Bg7 59. Bh4 1/2-1/2

[Event "*** Titled Tuesday Blitz"]
[Site "Chess.com"]
[Date "2020.04.21"]
[Round "3"]
[White "Natalya_Buksa"]
[Black "rasmussvane"]
[Result "0-1"]
[WhiteElo "2469"]
[BlackElo "2868"]
[TimeControl "180+1"]
[EndTime "10:29:07 PDT"]
[Termination "rasmussvane won by resignation"]

1. e4 c6 2. d4 d5 3. Nc3 dxe4 4. Nxe4 Nf6 5. Nxf6+ exf6 6. c3 Bd6 7. Bd3 O-O 8. Qc2 Re8+ 9. Ne2 h5 10. O-O h4 11.
h3 Nd7 12. Be3 Nf8 13. Rad1 Be6 14. c4 Rc8 15. b3 a5 16. Bf4 Qc7 17. Qc1 Rcd8 18.
Bxd6 Qxd6 19. Nf4 Bc8 20. Bb1 f5 21. c5 Qh6 22. Qd2 Nh7 23. Rfe1 Rxe1+ 24. Rxe1 Nf6 25. Re2 g5 26. Qxa5 Rxd4 27. Nd3 g4 28. Qc7 Be6 29. Qxb7 g3 30. Qxc6 Ne4 31. Qa8+ Kh7 32. Kf1 gxf2 33.
Qe8 Rxd3 34. Rxe4 fxe4 35. Bxd3 exd3 36. Kxf2 Qf4+ 37. Kg1 Qe3+ 38. Kh2 Qe5+ 39. Kg1 d2 40. Qd8 Qe1+ 41. Kh2 d1=Q 42. Qxd1 Qxd1 0-1

[Event "*** Titled Tuesday Blitz"]
[Site "Chess.com"]
[Date "2020.04.21"]
[Round "3"]
[White "Jeffinho023"]
[Black "gmcorrales"]
[Result "1-0"]
[WhiteElo "2483"]
[BlackElo "2821"]
[TimeControl "180+1"]
[EndTime "10:29:08 PDT"]
[Termination "Jeffinho023 won by checkmate"]

1. Nf3 c5 2. c4 Nc6 3. Nc3 e5 4. g3 g6 5. Bg2 Bg7 6. O-O Nge7 7. Rb1 d6 8. a3 Be6 9. d3 a5 10. Ne1 O-O 11. Nc2 d5 12. cxd5 Nxd5 13. Ne3 Nde7 14. Bd2 b6 15. Ne4 h6 16. Nc4 Rb8 17.
b4 cxb4 18. axb4 a4 19. b5 Nd4 20. Bb4 f5 21. Ned2 Qd7 22. e3 Nb3 23. Nxb3 axb3 24. Qxb3 Rfd8 25. Rfd1 Nd5 26. Be1 Nc7 27. Bc6 Qf7 28.
Qc2 e4 29. Na3 Ba2 30. Rb4 Bf8 31. Rb2 Be6 32. Nb1 exd3 33. Rxd3 Rxd3 34. Qxd3 Bc4 35. Qc2 Rd8 36. Nd2 Be6 37. Rb1 Nd5 38. Nc4 Nf6 39.
Ne5 Qg7 40. Bc3 Nd5 41. Ba1 Nf6 42. Rd1 Rxd1+ 43. Qxd1 Kh7 44. h4 Qe7 45. Nd3 Ne4 46. Nf4 Bf7 47. Qd4 Bg7 48. Qxg7# 1-0

[Event "*** Titled Tuesday Blitz"]
[Site "Chess.com"]
[Date "2020.04.21"]
[Round "3"]
[White "ferch1ni"]
[Black "11kevin"]
[Result "1-0"]
[WhiteElo "2324"]
[BlackElo "2546"]
[TimeControl "180+1"]
[EndTime "10:29:08 PDT"]
[Termination "ferch1ni won by checkmate"]

1. e4 e5 2. Nf3 Nc6 3. Bb5 a6 4. Ba4 Nf6 5. O-O Be7 6. d3 b5 7.
Bb3 O-O 8. Nbd2 d5 9. exd5 Nxd5 10. Re1 f6 11. a4 b4 12. d4 exd4 13. h3 Kh8 14. Ne4 Nb6 15. a5 Nd7 16. Nxd4 Nxd4 17.
Qxd4 Ne5 18. Be3 Bb7 19. Nc5 Bxc5 20. Qxc5 Rb8 21. Rad1 Qc8 22. Bf4 Qf5 23. Bxe5 fxe5 24. Rxe5 Qg6 25. Rg5 Qf6 26. Rd7 g6 27. Re5 Rbe8 28.
Rde7 Rd8 29. Re1 Rd2 30. R7e2 Rd7 31. Re5 Rd6 32. R5e2 Rc6 33. Qxb4 Qg5 34. Qxb7 Rcf6 35. Qe4 h5 36. Qe3 Qf5 37. Qg3 Kg7 38. Re7+ Kh6 39. Rxc7 g5 40. Ree7 h4 41. Qe3 Rh8 42.
Rg7 Kh5 43. Rgf7 Rxf7 44. Rxf7 Qg6 45. Qf3+ Kh6 46. Rf6 Rg8 47. Rxg6+ Rxg6 48. c3 Rg7 49.
Bc2 Rf7 50. Qxf7 g4 51. Qg6# 1-0

[Event "*** Titled Tuesday Blitz"]
[Site "Chess.com"]
[Date "2020.04.21"]
[Round "3"]
[White "Eltarolo"]
[Black "ReyesBraulio"]
[Result "0-1"]
[WhiteElo "2337"]
[BlackElo "2140"]
[TimeControl "180+1"]
[EndTime "10:29:08 PDT"]
[Termination "ReyesBraulio won by checkmate"]

1. e4 d5 2. exd5 Qxd5 3. Nc3 Qd6 4. d4 a6 5. Nf3 Nf6 6. Ne5 Nc6 7. Nxc6 Qxc6 8. Bf4 Be6 9. Be2 O-O-O 10. Bf3 Qc4 11. Ne2 Nd5 12. Bg3 Nb4 13. Be4 Bd5 14.
b3 Qc6 15. Bxd5 Qxd5 16. O-O Qh5 17. c3 Nd5 18. Qd2 e6 19. Nf4 Nxf4 20. Bxf4 Bd6 21.
Rae1 g5 22. Bxd6 cxd6 23. c4 Qg4 24. d5 e5 25. Rc1 Kb8 26. Qa5 Rc8 27. f3 Qd4+ 28.
Kh1 Rc5 29. Qb4 Rhc8 30. Rfd1 Qh4 31. Qb6 g4 32. Qxd6+ Ka7 33. fxg4 Qxg4 34. Qxe5 Rg8 35. Qg3 Qc8 36. Qe3 Ka8 37. Re1 Rc7 38. Qf3 f5 39. Re2 Rcg7 40. Rce1 f4 41. Qxf4 Rf8 42. Qh4 Rgf7 43.
Qh3 Rf1+ 44. Rxf1 Rxf1# 0-1

[Event "*** Titled Tuesday Blitz"]
[Site "Chess.com"]
[Date "2020.04.21"]
[Round "3"]
[White "SketchyMoves"]
[Black "Msb2"]
[Result "0-1"]
[WhiteElo "2672"]
[BlackElo "2918"]
[TimeControl "180+1"]
[EndTime "10:29:09 PDT"]
[Termination "Msb2 won by resignation"]

1. e4 e6 2. d4 d5 3. Nd2 c5 4. dxc5 Nf6 5. Bd3 dxe4 6. Nxe4 Nxe4 7. Bxe4 Qxd1+ 8. Kxd1 Bxc5 9. Ke2 Nd7 10. Be3 Ke7 11. Rd1 Bxe3 12. Kxe3 Nc5 13. Ne2 Nxe4 14. Kxe4 Bd7 15.
Nd4 f6 16. f4 Rhd8 17. Rhe1 Rac8 18. c3 Kf7 19. g3 Ba4 20. Rd2 Bc6+ 21. Ke3 Bd5 22.
a3 a6 23. Red1 h5 24. Kf2 Rd7 25. Nf5 Rcc7 26. Ne3 Bc6 27. Rxd7+ Bxd7 28. Rd2 Ke7 29. Re2 Bc6 30. Nf5+ Kf7 31. Nd6+ Ke7 32. Nf5+ Kf7 33.
Nd6+ Kg6 34. Rxe6 Bd5 35. Re2 Rd7 36. Ne4 Kf5 37. Nc5 Rc7 38. Nd3 Bc4 39. Rd2 Rd7 40. Ke3 Rxd3+ 41. Rxd3 Bxd3 42. Kxd3 Kg4 43. Ke3 Kh3 44.
Kf2 g5 45. c4 Kxh2 46. fxg5 fxg5 47. b4 g4 48. a4 h4 49. gxh4 g3+ 50. Kf3 g2 51. h5 g1=Q 52. h6 Qg6 0-1

[Event "*** Titled Tuesday Blitz"]
[Site "Chess.com"]
[Date "2020.04.21"]
[Round "3"]
[White "Andrei_Belozerov"]
[Black "Yaacovn"]
[Result "0-1"]
[WhiteElo "2621"]
[BlackElo "2822"]
[TimeControl "180+1"]
[EndTime "10:29:09 PDT"]
[Termination "Yaacovn won by resignation"]

1. e4 c6 2. d4 d5 3. Nd2 dxe4 4. Nxe4 Nf6 5. Nxf6+ gxf6 6. Nf3 Bg4 7. Be2 e6 8. Bf4 Bd6 9. Bg3 Qc7 10. O-O Nd7 11. c4 O-O-O 12. b4 h5 13. c5 Bxg3 14. hxg3 Bxf3 15. Bxf3 h4 16. g4 Qf4 17. Rb1 Ne5 18. b5 h3 19. dxe5 hxg2 20. Qxd8+ Kxd8 21. Rfd1+ Kc7 22. Bxg2 Qxg4 23. Rd3 Rd8 24. b6+ axb6 25. cxb6+ Kc8 26. Rxd8+ Kxd8 27. exf6 Qg6 28. Rd1+ Kc8 29. a4 Qxf6 30. a5 Qc3 31. a6 bxa6 32. Rd6 Qc1+ 33.
Bf1 Kb7 34. Rd7+ Kxb6 35. Rxf7 a5 36. Rf3 a4 37. Kg2 Qb2 38. Bc4 e5 39. Re3 Kc5 40.
Bg8 Qd4 41. Rg3 Kb4 42. Kh3 c5 43. Rg4 e4 44. Bh7 a3 45. Rxe4 Qxe4 46. Bxe4 a2 47. Bd5 a1=Q 0-1

[Event "*** Titled Tuesday Blitz"]
[Site "Chess.com"]
[Date "2020.04.21"]
[Round "3"]
[White "stanyga"]
[Black "LiemLe"]
[Result "1-0"]
[WhiteElo "2713"]
[BlackElo "2993"]
[TimeControl "180+1"]
[EndTime "10:29:10 PDT"]
[Termination "stanyga won on time"]

1. e4 e5 2. Nf3 Nc6 3. Bb5 a6 4. Ba4 Nf6 5. O-O Bc5 6. c3 b5 7. Bb3 d6 8. d4 Bb6 9. Re1 O-O 10. h3 h6 11. Be3 Re8 12. Nbd2 Bd7 13. d5 Ne7 14.
Bxb6 cxb6 15. Bc2 Ng6 16. Bd3 Nh7 17. Bf1 Qf6 18. Kh2 h5 19. c4 bxc4 20. Nxc4 Rab8 21.
Rc1 Rec8 22. Qd2 h4 23. Qe3 b5 24. Nb6 Rxc1 25. Nxd7 Qd8 26. Rxc1 Qxd7 27. Rc6 a5 28. Rb6 Qc7 29. Rc6 Qd8 30. Qa7 Nf6 31. Nd2 Ne8 32.
Qe3 Ne7 33. Rc1 Rc8 34. Rxc8 Qxc8 35. Bxb5 Nf6 36. Nc4 Qc7 37. a4 Ng6 38. f3 Nh5 39. Qb6 Qe7 40. Qe3 Nhf4 41. Kh1 1-0

[Event "*** Titled Tuesday Blitz"]
[Site "Chess.com"]
[Date "2020.04.21"]
[Round "3"]
[White "machupichu10"]
[Black "TengisChess"]
[Result "1/2-1/2"]
[WhiteElo "2760"]
[BlackElo "2455"]
[TimeControl "180+1"]
[EndTime "10:29:10 PDT"]
[Termination "Game drawn by stalemate"]

1. d4 Nf6 2. Nf3 g6 3. c4 Bg7 4. g3 O-O 5. Bg2 d6 6. O-O c5 7. Nc3 Nc6 8. h3 Bd7 9. dxc5 dxc5 10. Be3 Qa5 11. Qb3 Qb4 12. Rfd1 Rfd8 13. Qxb4 cxb4 14. Nd5 Nxd5 15. cxd5 Ne5 16. Nxe5 Bxe5 17. Bd4 Bxd4 18. Rxd4 a5 19. Rc1 Rac8 20. Rdc4 Rxc4 21. Rxc4 Rc8 22.
Rxc8+ Bxc8 23. e4 e5 24. f4 f6 25. Kf2 Kf8 26. Ke3 Ke7 27. h4 Kd6 28. Bf1 Kc5 29. Be2 Bd7 30. g4 h6 31. g5 hxg5 32. hxg5 exf4+ 33. Kxf4 fxg5+ 34. Kxg5 Kd4 35. Kf6 Kxe4 36.
d6 g5 37. Ke7 Bc6 38. Bg4 Kd4 39. Bd7 Bf3 40. Bf5 Bc6 41. d7 Bxd7 42. Kxd7 a4 43.
Kc7 a3 44. bxa3 bxa3 45. Kxb7 Kc3 46. Kb6 Kb2 47. Be6 g4 48. Kc5 g3 49. Bd5 Ka1 50.
Kd4 Kb2 51. Kd3 g2 52. Bxg2 Kxa2 53. Kc2 Ka1 54. Be4 Ka2 55. Kc1 Ka1 56. Bf5 a2 57.
Bc2 1/2-1/2

[Event "*** Titled Tuesday Blitz"]
[Site "Chess.com"]
[Date "2020.04.21"]
[Round "3"]
[White "ErikRonka"]
[Black "Obito24"]
[Result "0-1"]
[WhiteElo "2413"]
[BlackElo "2643"]
[TimeControl "180+1"]
[EndTime "10:29:10 PDT"]
[Termination "Obito24 won by resignation"]

1. e4 c5 2. Nf3 d6 3. d4 cxd4 4. Nxd4 Nf6 5. Nc3 a6 6. Be3 e5 7. Nb3 Be6 8. f3 Nbd7 9. g4 Rc8 10. g5 Nh5 11. Qd2 Be7 12. Rg1 O-O 13. O-O-O b5 14.
Nd5 Bxd5 15. exd5 Qc7 16. Kb1 Nb6 17. Na5 Nxd5 18. Qxd5 Qxa5 19. Rg4 g6 20. c4 Qc7 21. Rc1 b4 22. c5 dxc5 23. Bxa6 Rcd8 24. Qc4 Qb6 25.
Qe2 Bd6 26. Bc4 Nf4 27. Bxf4 exf4 28. Rgg1 Rfe8 29. Qc2 Re3 30. Rgf1 Be7 31. Rcd1 Bxg5 32. Qa4 Bf6 33. Qc2 Kg7 34. Rde1 Rd4 35. Rd1 Qd6 36.
Rxd4 Qxd4 37. Rd1 Qe5 38. Bd5 Re2 0-1

[Event "*** Titled Tuesday Blitz"]
[Site "Chess.com"]
[Date "2020.04.21"]
[Round "3"]
[White "Sharpchess22"]
[Black "FLamps8"]
[Result "1-0"]
[WhiteElo "2752"]
[BlackElo "2522"]
[TimeControl "180+1"]
[EndTime "10:29:11 PDT"]
[Termination "Sharpchess22 won on time"]

1. d4 d5 2. c4 c6 3. Nf3 Nf6 4. Nc3 dxc4 5. a4 Bf5 6. Ne5 Nbd7 7. Nxc4 Qc7 8. g3 e5 9. dxe5 Nxe5 10. Bf4 Nfd7 11. Bg2 g5 12. Bxe5 Nxe5 13. Qd4 f6 14.
Ne3 Be6 15. O-O Qb6 16. Qd2 Bb4 17. Qc2 O-O-O 18. Ne4 Rhf8 19. a5 Bxa5 20. Nc5 Rd2 21.
Qc1 Bg8 22. Nf5 Bb4 23. Ne4 Rd7 24. Kh1 Kb8 25. f4 Ng4 26. h3 h5 27. hxg4 hxg4 28. Rf2 Bd5 29. e3 Rh7+ 30. Kg1 gxf4 31. Rxf4 Be6 32.
Nd4 Bc8 33. Nxf6 Rhf7 34. Ne4 Rxf4 35. gxf4 Rxf4 36. exf4 Qxd4+ 37. Kh2 g3+ 38. Kxg3 Qg7+ 39. Kh2 Qh8+ 40. Kg1 Qd4+ 41. Nf2 Bc5 42. Qc2 Bf5 43. Qe2 1-0